 Dungeon Crawl Stone Soup version 0.31-a0-489-g282fc92437 (webtiles) character file.

Game seed: 8058161138406217591

2 GordonOverkill the Sneak (level 1, -3/16 HPs)
             Began as an Octopode Delver on Aug 8, 2023.
             Slain by a centaur (6 damage)
             ... on level 7 of the Dungeon.
             The game lasted 00:01:53 (234 turns).

GordonOverkill the Sneak (Octopode Delver)           Turns: 234, Time: 00:01:54

Health: -3/16      AC:  1    Str: 11    XL:     1   Next: 30%
Magic:  1/1        EV: 13    Int: 12    God:
Gold:   6          SH:  0    Dex: 19    Spells: 0/0 levels left

rFire   . . .        a - +0 short sword
rCold   . . .        (no shield)
rNeg    . . .        (helmet restricted)
rPois   .            (no amulet)
rElec   .            g - +6 ring of dexterity
rCorr   .            (no ring)
SInv    .            (no ring)
Will    .....        (no ring)
Stlth   +++++        (no ring)
HPRegen 0.22/turn    (no ring)
MPRegen 0.07/turn    (no ring)
                     (no ring)

%: no passive effects
@: no status effects
A: almost no armour, amphibious, 8 rings, camouflage 1, gelatinous body 1,
(nimble swimmer 1), tentacles
a: no special abilities


You were on level 7 of the Dungeon.
You visited 1 branch of the dungeon, and saw 3 of its levels.

You collected 6 gold pieces.

Inventory:

Hand Weapons
 a - a +0 short sword (weapon)
 b - a +0 sling
Missiles
 h - 2 atropa-tipped darts (quivered)
Jewellery
 g - a +6 ring of dexterity (left tentacle)
Wands
 f - a wand of digging (3)
Scrolls
 c - 2 scrolls of revelation
 d - a scroll of fear
 i - 2 scrolls of fog
 j - a scroll of blinking {unknown}
Potions
 e - a potion of haste


   Skills:
 - Level 3.0 Fighting
 - Level 2.0 Short Blades
 + Level 0.6 Throwing
 - Level 2.0 Dodging
 - Level 6.6 Stealth


You couldn't memorise any spells.
You didn't know any spells.
Your spell library was empty.

Dungeon Overview and Level Annotations

Branches:
Dungeon (7/15)
 Temple: D:4-7

Altars:
Trog

Annotations:
D:7 exclusions: bullfrog, lemure and orc priest


Innate Abilities, Weirdness & Mutations

You cannot wear most types of armour.
You are amphibious.
You can wear up to eight rings at the same time.
Your skin changes colour to match your surroundings (Stealth+).
Your rubbery body absorbs attacks. (AC +1, EV +1)
((You are camouflaged when in or above water. (Stealth+)))
You have tentacles for arms and can constrict up to eight enemies at once.


Message History

The centaur shouts!
The centaur wields a +0 shortbow.
The centaur shoots an arrow.
The arrow misses you.
A centaur is nearby!
You start waiting.
The centaur shoots an arrow.
The arrow barely misses you.
Throw: 5 darts (atropa)
Press: ? - help, Q - select action Shift-Dir - straight line, f - centaur
Aim: a centaur, wielding a +0 shortbow (70% to hit, chance to blind on hit: 75%)
You throw an atropa-tipped dart.
The atropa-tipped dart hits the centaur.
The centaur resists.
The centaur shoots an arrow.
The arrow hits you!
Ouch! That really hurt!
* * * LOW HITPOINT WARNING * * *
Throw: 4 darts (atropa)
Press: ? - help, Q - select action Shift-Dir - straight line, f/p - centaur
Aim: a centaur, wielding a +0 shortbow (70% to hit, chance to blind on hit: 78%)
You throw an atropa-tipped dart.
The atropa-tipped dart barely misses the centaur.
The centaur unwields a +0 shortbow.
The centaur misses you. The centaur closely misses you.
Throw: 3 darts (atropa)
Press: ? - help, Q - select action Shift-Dir - straight line, f/p - centaur
Aim: a centaur (70% to hit, chance to blind on hit: 78%)
You throw an atropa-tipped dart.
The atropa-tipped dart hits the centaur.
The centaur appears confused.
The centaur seems less confused.
The centaur barely misses you. The centaur kicks you.
* * * LOW HITPOINT WARNING * * *
The centaur closely misses you. x2
You see here an atropa-tipped dart.
You barely miss the centaur.
The centaur wields a +0 shortbow.
The centaur shoots an arrow.
The arrow hits you.
* * * LOW HITPOINT WARNING * * *
The centaur is no longer blind.
The centaur unwields a +0 shortbow.
The centaur hits you.
You die...

#.# #.#.#
#.#.#.#
#.#.#.#####
#.#.#......
#.#.........
#.#.............
#(#c............
#.@.............
###.............
#...............
#.#.............
#.#.<...........
#.#............5
#.#.............
#.#.............
#)#.............


You could see a centaur.

Vanquished Creatures
  An orc (D:6)
1 creature vanquished.

Notes
Turn   | Place    | Note
-------+----------+-------------------------------------------
     0 | D:5      | GordonOverkill the Octopode Delver began the quest for the
                  | Orb.
     0 | D:5      | Reached XP level 1. HP: 16/16 MP: 1/1
   111 | D:6      | Found a bloodstained altar of Trog.
   165 | D:6      | Noticed a black bear
   165 | D:6      | Noticed a black bear
   196 | D:7      | Noticed a lemure
   201 | D:7      | Noticed an orc priest
   209 | D:7      | Noticed a bullfrog
   220 | D:7      | Noticed a centaur
   234 | D:7      | Slain by a centaur

Illustrated notes

Levels and vault maps discovered:
D:5:      layout_loops_corners, nicolae_overflow_crystal_walls,
          kiku_gazebo_pond_becter, hangedman_decor_clover_reticule,
          st_stairs_10, uniq_eustachio, uniq_crazy_yiuf_cottage,
          uniq_blork_the_orc
D:6:      layout_basic, mainiacjoe_overflow_brackets,
          minmay_temple_entry_statues_fountains, nicolae_custom_books,
          nicolae_shop_fire_sale [nicolae_sub_dead_trees], kennysheep_diamond,
          item_on_display_a
D:7:      old_forge, layout_basic, nicolae_qazlal_scattered_showers,
          hangedman_decor_opposing, uniq_pikel

Action                     || total
---------------------------++-------
  Melee: Short sword       ||     1
   Fire: Sling             ||     1
  Throw: Dart              ||     4
  Dodge: Dodged            ||     7

Table legend: (Time is in decaauts)
 A = Elapsed time spent in this place.
 B = Non-inter-level travel time spent in this place.
 C = Inter-level travel time spent in this place.
 D = Time resting spent in this place.
 E = Time spent auto-exploring this place.
 F = Levels seen in this place.
 G = Mean time per level.
                   A        B        C        D        E       F      G
               +--------+--------+--------+--------+--------+-----+--------+
         Total |    232 |    232 |      0 |      3 |      0 |   3 |   77.3 |
       Dungeon |    232 |    232 |      0 |      3 |      0 |   3 |   77.3 |
               +--------+--------+--------+--------+--------+-----+--------+

Top non-repeatable levels by time:
     D:6: 129 daAuts
     D:5: 61 daAuts
     D:7: 41 daAuts
